 Dungeon Crawl Stone Soup version 0.29-a0-643-ga013cefcf8 (webtiles) character file.

Game seed: 8420708395773635905

929 quinnr the Zephyrmancer (level 8, -7/44 HPs)
             Began as a Tengu Air Elementalist on June 19, 2022.
             Killed by divine providence
             ... invoked by an orc priest
              (13 damage)
             ... on level 5 of the Dungeon.
             The game lasted 00:12:51 (7497 turns).

quinnr the Zephyrmancer (Tengu Air Elementalist)    Turns: 7497, Time: 00:12:51

Health: -7/44      AC:  3    Str:  8    XL:     8   Next: 11%
Magic:  12/15      EV: 15    Int: 18    God:
Gold:   158        SH:  0    Dex: 15    Spells: 9/16 levels left

rFire   + . .      SeeInvis .   p - +2 quarterstaff (vorpal)
rCold   . . .      Faith    .   (shield currently unavailable)
rNeg    . . .      Spirit   .   a - +0 robe
rPois   .          Reflect  .   m - +0 hat
rElec   .          Harm     .   (no cloak)
rCorr   .          Rampage  .   s - +0 pair of gloves
Will    .....                   (boots unavailable)
Stlth   ++........              A - amulet of magic regeneration
HPRegen 0.14/turn               n - ring of protection from fire
MPRegen 0.54/turn               (no ring)

@: flying quickly and evasively, quick
A: beak, talons 3, nimble flight
a: no special abilities


You were on level 5 of the Dungeon.
You visited 1 branch of the dungeon, and saw 5 of its levels.
You also visited: Ossuary.

You collected 158 gold pieces.

Inventory:

Hand Weapons
 h - a +0 hunting sling
 j - a +3 spear
 p - a +2 vorpal quarterstaff (weapon)
Armour
 a - a +0 robe (worn)
 m - a +0 hat (worn)
 s - a +0 pair of gloves (worn)
Jewellery
 n - a ring of protection from fire (left hand)
 A - an amulet of magic regeneration (around neck)
Wands
 y - a wand of iceblast (10)
Scrolls
 c - 2 scrolls of amnesia {unknown}
 g - a scroll of summoning {unknown}
 k - a scroll of acquirement {unknown}
 t - a scroll of enchant armour {unknown}
 v - 2 scrolls of teleportation {unknown}
 x - a scroll of poison
 z - a scroll of enchant weapon {unknown}
Potions
 b - 3 potions of magic
 d - 5 potions of heal wounds {unknown}
 f - 2 potions of haste {unknown}
 i - 2 potions of flight {unknown}
 l - a potion of curing
 o - a potion of resistance
 q - a potion of berserk rage
 r - a potion of ambrosia
 u - 3 potions of attraction
 w - a potion of might


   Skills:
 - Level 2.0 Fighting
 - Level 3.0 Dodging
 - Level 2.0 Stealth
 + Level 4.6 Spellcasting
 - Level 1.3 Conjurations
 + Level 9.5 Air Magic
 + Level 2.2 Evocations


You had 9 spell levels left.
You knew the following spells:

 Your Spells              Type           Power      Damage    Failure   Level
a - Shock                 Conj/Air       92%        1d8       1%          1
b - Static Discharge      Conj/Air       23%        N/A       2%          2
c - Airstrike             Air            19%        N/A       2%          4

Your spell library contained the following spells:

 Spells                   Type           Power      Damage    Failure   Level
 Swiftness                Air            38%        N/A       1%          3
 Dazzling Flash           Conj/Hex       12%        N/A       30%         3
 Gell's Gravitas          Tloc           4%         N/A       38%         3
 Lesser Beckoning         Tloc           4%         N/A       38%         3
 Teleport Other           Tloc           4%         N/A       38%         3
 Silence                  Hex/Air        10%        N/A       47%         5
 Iskenderun's Mystic Bla  Conj/Tloc      6%         2d4       71%         4
 Agony                    Necr           4%         N/A       98%         5
 Starburst                Conj/Fire      3%         6d3       100%        6


Dungeon Overview and Level Annotations

Branches:
Dungeon (5/15)            Ossuary (visited)
 Temple: D:4-7

Altars:
Fedhas

Shops:
D:1 (   D:4 (

Portals:
Sewer: D:5


Innate Abilities, Weirdness & Mutations

You have a beak for a mouth.
You have claws for feet.
Your magical nature lets you fly swiftly and evasively.


Message History

The iguana hisses angrily.
The adder bites you. The orc hits you with a +0 flail.
The orc priest looks braver for a moment.
Unknown command.
Unknown command.
Casting: Static Discharge (safe; 2% risk of failure)
Confirm with . or Enter, or press ? or * to list all spells.
The orc priest is struck by an arc of lightning.
The orc priest is severely wounded.
You are struck by an arc of lightning.
The lightning grounds out.
The adder bites you.
The orc priest mumbles some strange prayers to Beogh against you.
Pain shoots through your body! The orc misses you.
Unknown command.
Unknown command.
Blink to where?
Press: ? - help, Dir - move target A giant cockroach comes into view.
As you read the scroll of blinking, it crumbles to dust.
The orc priest calls upon Beogh to heal the orc priest.
The orc priest is healed somewhat.
The giant cockroach closely misses you.
The orc priest mumbles some strange prayers to Beogh against you.
Beogh smites you!
* * * LOW HITPOINT WARNING * * *
The giant cockroach closely misses you. The giant cockroach closely misses you.
The adder completely misses you. The adder attacks as you move away!
The adder bites you.
* * * LOW HITPOINT WARNING * * *
A quokka and 2 giant cockroaches come into view.
Found a glowing drain.
Unknown command.
Casting: Static Discharge (safe; 2% risk of failure)
Confirm with . or Enter, or press ? or * to list all spells.
The adder is struck by an arc of lightning!
You kill the adder!
The lightning grounds out.
The orc priest mumbles some strange prayers to Beogh against you.
Beogh smites you!
You die...

. ######. .
##≈≈≈≈≈≈. ..
##≈≈B.B.r. #.
#..≈≈≈≈≈≈# ##.
#.@######### ....
#..≈≈≈≈≈≈≈≈#..#.#..
##.B≈.≈≈≈o.≈######.
########≈≈.##.....
.#o....##.
.##o.÷..#.
.#...o<)..
....l..#?...
..#...####..


You could see an orc priest, a quokka and 3 giant cockroaches.

Vanquished Creatures
  Sigmund (D:3)
  Menkaure (Ossuary)
  2 black bears (D:5)
  A scorpion (D:4)
  2 hounds
  2 orc priests (D:4)
  An orc wizard (D:4)
  3 mummies (Ossuary)
  7 adders
  3 gnolls (D:5)
  2 worms
  2 dart slugs
  9 orcs
  6 ball pythons
  10 bats
  5 endoplasms
  3 giant cockroaches
  6 hobgoblins
  6 quokkas
  8 frilled lizards
  6 gnoll skeletons (Ossuary)
  5 gnoll zombies (Ossuary)
  6 goblins
  3 goblin skeletons (Ossuary)
  3 goblin zombies (Ossuary)
  4 hobgoblin skeletons (Ossuary)
  2 hobgoblin zombies (Ossuary)
  9 kobolds
  2 kobold skeletons (Ossuary)
  3 kobold zombies (Ossuary)
  5 orc skeletons (Ossuary)
  7 orc zombies (Ossuary)
  7 rats
  5 rat skeletons (Ossuary)
  5 rat zombies (Ossuary)
152 creatures vanquished.

Notes
Turn   | Place    | Note
-------+----------+-------------------------------------------
     0 | D:1      | quinnr the Tengu Air Elementalist began the quest for the
                  | Orb.
     0 | D:1      | Reached XP level 1. HP: 10/10 MP: 4/4
   176 | D:1      | Found Sixzafam's Weapon Shoppe.
   210 | D:1      | Reached XP level 2. HP: 15/15 MP: 4/6
   442 | D:1      | Reached skill level 5 in Air Magic
   885 | D:1      | Reached XP level 3. HP: 19/19 MP: 5/7
  1044 | D:1      | Found a faded altar of an unknown god.
  1446 | D:2      | Learned a level 2 spell: Static Discharge
  1953 | D:2      | Reached skill level 6 in Air Magic
  2071 | D:3      | Noticed Sigmund
  2156 | D:3      | Identified the +1 short sword of Xafuteb {flame, Dex+2}
  2351 | D:3      | Reached XP level 4. HP: 24/24 MP: 5/8
  2900 | D:4      | Noticed a scorpion
  2907 | D:4      | Killed a scorpion
  2908 | D:4      | Gained mutation: Your magical nature lets you fly swiftly
                  | and evasively. [Tengu growth]
  2908 | D:4      | Reached XP level 5. HP: 14/28 MP: 2/10
  3057 | D:4      | Found Meup's Antique Weapon Boutique.
  3058 | D:4      | quinnr: ??sound
  3058 | D:4      | quinnr: ??distant
  3083 | D:4      | Found a sand-covered staircase.
  3088 | Ossuary  | Entered an ossuary
  3153 | Ossuary  | beem: sound[1/5]:
                  | http://www.youtube.com/watch?v=2Jkorg2xnYI
  3153 | Ossuary  | beem: portal distance[1/1]: Portal distance by adjective:
                  | very distant, >30; distant, >15; nearby, >7.
  4729 | Ossuary  | Reached skill level 7 in Air Magic
  4730 | Ossuary  | Noticed Menkaure
  4985 | Ossuary  | Learned a level 4 spell: Airstrike
  5086 | Ossuary  | Killed Menkaure
  5087 | Ossuary  | Reached skill level 1 in Fighting
  5087 | Ossuary  | Reached XP level 6. HP: 26/34 MP: 1/12
  5886 | D:4      | Found a blossoming altar of Fedhas.
  6190 | D:4      | Reached XP level 7. HP: 27/40 MP: 2/14
  6478 | D:3      | Killed Sigmund
  6479 | D:3      | Reached skill level 9 in Air Magic
  7135 | D:5      | Entered Level 5 of the Dungeon
  7177 | D:5      | Reached skill level 1 in Evocations
  7214 | D:5      | Reached XP level 8. HP: 34/44 MP: 3/15
  7496 | D:5      | Found a glowing drain.
  7497 | D:5      | Killed from afar by an orc priest

Illustrated notes

Levels and vault maps discovered:
D:1:      eino_arrival_water_star, layout_rooms, serial_shops,
          nicolae_shop_advertising_works [nicolae_subvault_shop_adworks],
          shapermc_ecumenical_altar_petra, wander_ebering_terrifying_dragon_lair
D:2:      layout_basic
D:3:      minmay_spotlight, layout_basic, uniq_sigmund
D:4:      layout_basic, lemuel_doored_altar, serial_shops,
          nicolae_shop_waterfront, enter_ossuary_5
D:5:      layout_cave_pools, gup_sewer_entry_pipe, lemuel_flamethrower_2,
          uniq_edmund, uniq_grinder

Skill      XL: |  1  2  3  4  5  6  7 |
---------------+----------------------+-----
Air Magic      | 5 6 7 9 |  9.5
Spellcasting   | 3 4 |  4.6
Fighting       | 1 2 |  2.0
Dodging        | 3 |  3.0
Evocations     | 2 |  2.2
Stealth        | |  2.0
Conjurations   | |  1.3

Action                   |  1- 3 |  4- 6 |  7- 9 || total
-------------------------+-------+-------+-------++-------
Melee: Spear             |     1 |       |       ||     1
       Quarterstaff      |       |     3 |       ||     3
       Kick              |       |     1 |       ||     1
       Peck              |       |     1 |       ||     1
 Cast: Shock             |    92 |   212 |    43 ||   347
       Static Discharge  |       |    12 |    15 ||    27
       Airstrike         |       |     2 |     5 ||     7
Evoke: Wand              |       |       |     1 ||     1
  Use: Scroll            |       |     8 |     5 ||    13
Armor: Robe              |     1 |     1 |     3 ||     5
Dodge: Dodged            |     9 |    17 |    24 ||    50

Table legend: (Time is in decaauts)
 A = Elapsed time spent in this place.
 B = Non-inter-level travel time spent in this place.
 C = Inter-level travel time spent in this place.
 D = Time resting spent in this place.
 E = Time spent auto-exploring this place.
 F = Levels seen in this place.
 G = Mean time per level.
                   A        B        C        D        E       F      G
               +--------+--------+--------+--------+--------+-----+--------+
         Total |   7314 |   7031 |    283 |   1301 |   4383 |   6 | 1219.0 |
       Dungeon |   5056 |   4773 |    283 |    566 |   3400 |   5 | 1011.2 |
       Ossuary |   2257 |   2257 |      0 |    735 |    982 |   1 | 2257.0 |
               +--------+--------+--------+--------+--------+-----+--------+

Top non-repeatable levels by time:
 Ossuary: 2257 daAuts
     D:3: 1469 daAuts
     D:4: 1417 daAuts
     D:1: 1085 daAuts
     D:2: 1033 daAuts
     D:5: 50 daAuts
